 Dungeon Crawl Stone Soup version 0.28-a0-1339-ga5422284a4 (webtiles) character file.

Game seed: 13114140954120499451

14165 browni3141 the Carver (level 11, -1/216 HPs)
             Began as a Palentonga Berserker on Dec 28, 2021.
             Was an Elder of Trog.
             Slain by a two-headed ogre (7 damage)
             ... on level 14 of the Dungeon.
             The game lasted 00:23:29 (9669 turns).

browni3141 the Carver (Palentonga Berserker)        Turns: 9669, Time: 00:23:30

Health: -1/216     AC: 25    Str: 23 (25) XL:     11   Next: 85%
Magic:  11/11      EV:  1    Int:  5 (7)  God:    Trog [****..]
Gold:   956        SH:  0    Dex:  7 (10) Spells: 10/10 levels left

rFire   . . .      SeeInvis +   a - +0 great sword
rCold   . . .      Faith    .   h - orb {light}
rNeg    . . .      Spirit   .   (armour currently unavailable)
rPois   +          Reflect  .   (helmet currently unavailable)
rElec   .          Harm     .   (cloak currently unavailable)
rCorr   +          Rampage  .   (gloves currently unavailable)
Will    +++..      NoTele   +   (no barding)
Stlth   ..........              n - amulet of magic regeneration
HPRegen 1.46/turn               G - ring of willpower
MPRegen 0.52/turn               N - ring of resist corrosion

@: mighty, brilliant, berserking, tree-form, strong-willed, regenerating,
glowing, very quick
A: stationary, stasis, torment immunity, boosted hp, large, rugged brown scales
3, see invisible, (deformed body), (roll 1), (armoured tail), (reflexive curl)
a: Renounce Religion, Berserk, Trog's Hand, Brothers in Arms


You were on level 14 of the Dungeon.
You worshipped Trog.
Trog was greatly pleased with you.
You were a tree.
You visited 1 branch of the dungeon, and saw 12 of its levels.
You also visited: Bailey.

You collected 956 gold pieces.

Inventory:

Hand Weapons
 a - a +0 great sword (weapon)
 i - a +0 falchion
 I - a +0 long sword
 O - a +3 long sword
 S - a +0 scimitar
Missiles
 v - 57 poisoned darts
 M - 2 throwing nets
Armour
 b - a +0 animal skin
 h - an orb of light (worn)
 j - the +5 barding of Slovenliness (melded) {Regen+ Str+2 Int+2 Slay+2}
   (You acquired it on level 6 of the Dungeon)

   Str:       It affects your strength (+2).
   Int:       It affects your intelligence (+2).
   Slay:      It affects your accuracy & damage with ranged weapons and melee
   (+2).
   Regen:     It increases your rate of health regeneration.
 m - a +0 ring mail
 q - a +0 barding
 w - a +0 cloak (melded)
 B - an orb of guile
 F - +0 swamp dragon scales
 K - the +1 hat "Baapig" (melded) {rC+++ Regen+ MP+9 Str-2}
   (You found it on level 8 of the Dungeon)

   Str:       It affects your strength (-2).
   rC:        It renders you almost immune to cold.
   MP:        It affects your magic capacity (+9).
   Regen:     It increases your rate of health regeneration.
 U - a +2 ring mail of fire resistance
 V - a +4 chain mail of willpower (melded)
Jewellery
 n - an amulet of magic regeneration (around neck)
 G - a ring of willpower (left branch)
 N - a ring of resist corrosion (right branch)
 T - a ring of poison resistance
Wands
 J - a wand of iceblast (4)
 W - a wand of acid (4)
Scrolls
 f - 5 scrolls of teleportation
 k - 2 scrolls of vulnerability {unknown}
 l - 2 scrolls of enchant weapon
 r - a scroll of summoning {unknown}
 t - 2 scrolls of noise {unknown}
 u - a scroll of torment {unknown}
 y - 4 scrolls of blinking {unknown}
 A - 3 scrolls of enchant armour {unknown}
 C - 2 scrolls of immolation {unknown}
 H - 4 scrolls of identify
 P - a scroll of acquirement
Potions
 c - 4 potions of curing
 g - 3 potions of brilliance
 o - 3 potions of lignification
 p - a potion of might
 s - a potion of berserk rage
 x - 2 potions of degeneration
 z - 4 potions of flight
 D - a potion of invisibility {unknown}
 E - a potion of mutation {unknown}
 L - a potion of magic {unknown}
 Q - a potion of cancellation {unknown}
 R - a potion of heal wounds {unknown}
 X - a potion of haste {unknown}


   Skills:
 * Level 9.8 Fighting
 - Level 14.5 Long Blades
 + Level 5.6 Armour
 + Level 5.6 Dodging


You had 10 spell levels left.
You didn't know any spells.
Your spell library contained the following spells:

 Spells                   Type           Power      Damage    Failure   Level
 Magic Dart               Conj           0%         1d3       47%         1
 Searing Ray              Conj           0%         2d4       63%         2
 Stone Arrow              Conj/Erth      0%         3d7       85%         3
 Animate Armour           Summ/Erth      0%         N/A       99%         4
 Fulminant Prism          Conj/Hex       0%         3d6       99%         4
 Lehudib's Crystal Spear  Conj/Erth      0%         10d2      100%        8


Dungeon Overview and Level Annotations

Branches:
Dungeon (11/15)            Temple (0/1) D:4            Lair (0/6) D:8
 Bailey (visited)
    Orc: D:9-12

Altars:
Ashenzari
Cheibriados
Ru
Sif Muna
Vehumet
Wu Jian
Xom
Zin

Shops:
D:1 *

Annotations:
D:3 1 runed translucent door, Crazy Yiuf
D:9 2 transporters, croobank's ghost, novice OpCA


Innate Abilities, Weirdness & Mutations

You are a tree.
Your roots penetrate the ground, keeping you stationary.
You cannot be teleported.
You are immune to unholy pain and torment.
Your maximum health is greatly increased.
Your equipment is partially melded.
(You are completely covered in rugged brown scales. (AC +3, +7% HP))
You have supernaturally acute eyesight. (SInv)
((Armour fits poorly on your strangely shaped body.))
((You can roll at nearby foes to attack.))
((You have a long armoured tail.))
((You curl defensively after being hit. (AC +7*)))


Message History

You hear a shout!
Unknown command.
You slice the cyclops!!
The cyclops is severely wounded.
The demonic crawler hits you but does no damage.
The demonic crawler hits you.
* * * LOW HITPOINT WARNING * * *
The demonic crawler hits you but does no damage.
The cyclops hits you.
* * * LOW HITPOINT WARNING * * *
The floating eye's view fixates on you.
You slice the cyclops!!
You kill the cyclops!
Trog accepts your kill.
The demonic crawler hits you but does no damage. x3
Unknown command.
You slice the demonic crawler!!
The demonic crawler is severely wounded.
The two-headed ogre hits you with a +0 giant club.
* * * LOW HITPOINT WARNING * * *
The two-headed ogre hits you but does no damage.
The demonic crawler hits you but does no damage. x2
The demonic crawler hits you!
* * * LOW HITPOINT WARNING * * *
Press: ? - help, v - describe, . - travel, g - get item
Here: a two-headed ogre, wielding two +0 giant clubs (haloed) Item here: 3 large rocks.
The floor, spattered with blood.
You slash the two-headed ogre!
The two-headed ogre is moderately wounded.
The demonic crawler shrieks in warning!
You hear a shout!
Unknown command.
You slice the two-headed ogre!!
The two-headed ogre is severely wounded.
The demonic crawler hits you but does no damage. x2
The demonic crawler hits you.
* * * LOW HITPOINT WARNING * * *
The two-headed ogre hits you with a +0 giant club!
You die...

#.#.....#
#.#G..C.#
≈.
##.#.##.#
.# ## #.#
≈.# #.##
≈s## ##G#
.≈≈.
#)##.≈
#O#s#
##♣# ###


You could see 2 demonic crawlers, a two-headed ogre, a cyclops and a floating
eye (charged).

Vanquished Creatures
  A fire dragon (D:14)
  A wizard (D:14)
  Pikel (D:5)
  A cyclops (D:14)
  An ice statue (D:9)
  A yaktaur (shapeshifter) (D:14)
  Maggie (D:6)
  A komodo dragon (D:10)
  A troll (D:10)
  2 hornets
  2 slime creatures (D:7)
  A spriggan (shapeshifter) (D:14)
  The ghost of Urgle the Ruffian, an amateur TrFi (D:4)
  A wyvern (D:10)
  12 yaks
  Eustachio (D:5)
  4 vampire mosquitoes (D:14)
  4 water moccasins
  4 black bears
  A sky beast (D:7)
  9 orc warriors
  A phantom (D:6)
  4 centaurs
  7 ogres
  2 lemures
  3 kobold brigands
  7 bullfrogs
  4 scorpions
  A water moccasin zombie (D:5)
  10 killer bees (D:7)
  12 wights
  4 howler monkeys
  4 centaur zombies
  5 jellies
  5 orc priests
  A centaur skeleton (D:7)
  2 hounds (D:6)
  A gnoll shaman (D:9)
  Terence (D:3)
  3 iguanas
  6 orc wizards
  A scorpion zombie (D:5)
  2 killer bee zombies
  A hound skeleton (D:4)
  6 gnolls
  6 adders
  2 shadow imps (D:7)
  2 ufetubi
  2 adder skeletons (D:4)
  A worm (D:2)
  4 dart slugs
  23 orcs
  8 ball pythons
  8 bats
  11 endoplasms
  5 giant cockroaches
  16 goblins
  8 hobgoblins
  5 jackals
  4 quokkas
  3 frilled lizards
  35 kobolds
  3 rats
  A bush (D:7)
291 creatures vanquished.

Vanquished Creatures (collateral kills)
  A hydra (D:14)
  A skeletal warrior (D:14)
2 creatures vanquished.

Vanquished Creatures (others)
  26 fungi
  18 plants (D:8)
  6 toadstools (D:7)
50 creatures vanquished.

Grand Total: 343 creatures vanquished

Notes
Turn   | Place    | Note
-------+----------+-------------------------------------------
     0 | D:1      | browni3141 the Palentonga Berserker began the quest for the
                  | Orb.
     0 | D:1      | Reached XP level 1. HP: 19/19 MP: 1/1
   100 | D:1      | Found a faded altar of an unknown god.
   100 | D:1      | Found Vyabaxt's General Store.
   139 | D:1      | Reached XP level 2. HP: 16/25 MP: 2/2
   337 | D:1      | Reached skill level 4 in Long Blades
   358 | D:1      | Reached ** piety under Trog
   610 | D:2      | Reached XP level 3. HP: 31/31 MP: 3/3
   948 | D:2      | Reached XP level 4. HP: 37/37 MP: 4/4
  1206 | D:2      | Reached skill level 5 in Long Blades
  1589 | D:3      | Found a glowing silver altar of Zin.
  1753 | D:3      | Found a runed translucent door.
  1754 | D:3      | Noticed Crazy Yiuf
  1785 | D:3      | Found a snail-covered altar of Cheibriados.
  1792 | D:3      | Noticed Terence
  1795 | D:3      | Reached XP level 5. HP: 43/43 MP: 5/5
  1800 | D:3      | Killed Terence
  1801 | D:3      | Reached skill level 6 in Long Blades
  1996 | D:3      | Found a radiant altar of Vehumet.
  2003 | D:3      | Found a shimmering blue altar of Sif Muna.
  2190 | D:4      | Reached *** piety under Trog
  2528 | D:4      | Found a transporter.
  2529 | D:4      | Noticed Urgle's ghost (amateur TrFi)
  2531 | D:4      | Found a transporter.
  2548 | D:4      | Found a staircase to the Ecumenical Temple.
  2741 | D:4      | Reached XP level 6. HP: 48/50 MP: 6/6
  2873 | D:4      | Reached skill level 7 in Long Blades
  3411 | D:4      | Killed Urgle's ghost
  3412 | D:4      | Reached skill level 8 in Long Blades
  3412 | D:4      | Gained mutation: You curl defensively after being hit. (AC
                  | +7*) [Palentonga growth]
  3412 | D:4      | Reached XP level 7. HP: 42/55 MP: 7/7
  3582 | D:5      | Entered Level 5 of the Dungeon
  3597 | D:5      | Reached skill level 9 in Long Blades
  4165 | D:5      | Reached XP level 8. HP: 62/62 MP: 8/8
  4193 | D:5      | Reached skill level 10 in Long Blades
  4431 | D:6      | Noticed Eustachio
  4489 | D:6      | Noticed Pikel
  4574 | D:5      | Killed Pikel
  4575 | D:5      | Reached skill level 11 in Long Blades
  4791 | D:5      | Killed Eustachio
  4792 | D:5      | Reached skill level 12 in Long Blades
  4846 | D:6      | Reached XP level 9. HP: 66/67 MP: 9/9
  5229 | D:6      | Noticed Maggie
  5240 | D:6      | Killed Maggie
  5241 | D:6      | Reached skill level 13 in Long Blades
  5765 | D:6      | Identified a scroll of acquirement
  5767 | D:6      | Acquired the +5 barding of Slovenliness {Regen+ Str+2 Int+2
                  | Slay+2}
  5841 | D:7      | Found a shimmering altar of Xom.
  5843 | D:7      | Found a shimmering altar of Xom.
  5844 | D:7      | Found a shimmering altar of Xom.
  5844 | D:7      | Found a shimmering altar of Xom.
  5845 | D:7      | Found a shimmering altar of Xom.
  5845 | D:7      | Found a shimmering altar of Xom.
  5845 | D:7      | Found a shimmering altar of Xom.
  5850 | D:7      | Found a shimmering altar of Xom.
  5942 | D:7      | Reached skill level 14 in Long Blades
  6297 | D:7      | Reached XP level 10. HP: 74/74 MP: 10/10
  6465 | D:7      | Identified the +6 quarterstaff of Temug {speed, rF+}
  6612 | D:7      | Noticed a torpor snail
  6612 | D:7      | Noticed an orb spider
  6627 | D:7      | Reached **** piety under Trog
  6646 | D:7      | Noticed a steelbarb worm
  6647 | D:7      | Noticed a cyclops
  6651 | D:7      | Noticed a swamp dragon
  6653 | D:7      | Noticed a torpor snail
  6653 | D:7      | a swamp dragon changed into a torpor snail
  6680 | D:7      | Noticed a glowing orange brain
  6695 | D:7      | Noticed an eye of devastation
  6811 | D:8      | Identified the +1 hat "Baapig" {rC+++ Regen+ MP+9 Str-2}
  6935 | D:8      | Reached skill level 5 in Fighting
  6982 | D:8      | Found a staircase to the Lair.
  7252 | D:8      | Found a sacrificial altar of Ru.
  7369 | D:8      | Found a broken altar of Ashenzari.
  7791 | D:9      | Found an ornate altar of the Wu Jian Council.
  7794 | D:9      | Found a transporter.
  7814 | D:9      | Found a transporter.
  7814 | D:9      | Noticed a two-headed ogre
  7815 | D:9      | Noticed a two-headed ogre
  7816 | D:9      | Identified the +11 dire flail "Orb Guardian's Bane"
                  | {vorpal, rN+}
  7816 | D:9      | Identified the +8 dire flail "Aminan" {chaos, rPois}
  7816 | D:9      | Noticed a two-headed ogre
  7816 | D:9      | Noticed a two-headed ogre
  7818 | D:9      | Noticed a two-headed ogre
  7827 | D:9      | Noticed croobank's ghost (novice OpCA)
  8117 | D:9      | Found a flagged portal.
  8149 | Bailey   | Entered a bailey
  8184 | Bailey   | Reached ***** piety under Trog
  8346 | Bailey   | Identified the +1 ring mail of Trial and Error {Int+3
                  | Stlth+}
  8495 | D:9      | Reached XP level 11. HP: 89/89 MP: 11/11
  8591 | D:9      | Identified the +1 scale mail of Guhow {Int-4 Dex+4}
  8686 | D:10     | Entered Level 10 of the Dungeon
  9527 | D:11     | Noticed a five-headed hydra
  9594 | D:11     | You fall into a shaft and drop 3 floors!
  9594 | D:14     | Noticed a wizard
  9595 | D:14     | Noticed a fire dragon
  9595 | D:14     | Killed a wizard
  9604 | D:14     | Killed a fire dragon
  9605 | D:14     | Reached skill level 5 in Armour
  9605 | D:14     | Reached skill level 5 in Dodging
  9612 | D:14     | Received a gift from Trog
  9613 | D:14     | Noticed a brown ugly thing
  9614 | D:14     | Noticed a centaur warrior
  9615 | D:14     | Noticed a wizard
  9617 | D:14     | Noticed a brown ugly thing
  9618 | D:14     | Noticed a brown ugly thing
  9626 | D:14     | Noticed a two-headed ogre
  9626 | D:14     | Noticed a six-headed hydra
  9626 | D:14     | Noticed a skeletal warrior
  9637 | D:14     | Killed a six-headed hydra
  9638 | D:14     | Killed a skeletal warrior
  9638 | D:14     | Paralysed by a floating eye for 4 turns
  9643 | D:14     | HP: 4/96 [demonic crawler (6)]
  9667 | D:14     | HP: 6/216 [demonic crawler (10)]
  9669 | D:14     | Slain by a two-headed ogre

Illustrated notes

Levels and vault maps discovered:
D:1:      dpeg_arrival_houses_and_road, layout_rooms,
          ebering_ecumenical_altar_webs, serial_shops, shop
D:2:      layout_basic, minmay_joined_circles
D:3:      layout_basic, cheibriados_altar_1, nicolae_overflow_hidden_temple,
          uniq_terence, uniq_crazy_yiuf_cottage
D:4:      layout_basic, minmay_temple_entry_trees, gammafunk_ghost_arena,
          st_stairs_9, kennysheep_big_empty_room
D:5:      layout_cave_pools, serial_park, serial_park_tiny_pond,
          serial_park_square2, serial_park_tiny_1, serial_park_square3
          [serial_park_minivault_5x5_2]
D:6:      layout_rooms, uniq_pikel, uniq_maggie, uniq_eustachio
D:7:      cheibrodos_fertilizer, layout_loops_cross, xom_shifter_show,
          kb_lookout_dungeons_type, nicolae_elevator_lobby_plus
D:8:      layout_loops_corners, kennysheep_little_box, lemuel_round_altar,
          due_lair_maze_entry_diamond
D:9:      lemuel_ice_statue, layout_rooms, mainiacjoe_overflow_brackets,
          enter_bailey_3, gammafunk_ghost_smash, serial_park_tiny_2
D:10:     layout_stronghold
D:11:     layout_cross, bloody_makhleb
D:14:     cheibrodos_hippocracy, layout_basic, david_vaults_2, serial_shops,
          shop_fountains, grunt_gozag_statues, kennysheep_vampire_church

Skill      XL: |  1  2  3  4  5  6  7  8  9 10 11 |
---------------+----------------------------------+-----
Long Blades    | 4 5 6 8 9 12 14 | 14.5
Armour         | 4 5 |  5.6
Dodging        | 3 5 |  5.6
Fighting       | 7 9 |  9.8

Action                   |  1- 3 |  4- 6 |  7- 9 | 10-12 || total
-------------------------+-------+-------+-------+-------++-------
Melee: Falchion          |    77 |     5 |       |       ||    82
       Tailslap          |     5 |     9 |    28 |    47 ||    89
       Long sword        |       |    82 |   236 |   126 ||   444
       Great sword       |       |       |       |   155 ||   155
       Scimitar          |       |       |       |    43 ||    43
Invok: Berserk           |     1 |     3 |    11 |     7 ||    22
       Trog's Hand       |       |       |     1 |     1 ||     2
       Brothers in Arms  |       |       |       |     5 ||     5
 Abil: Rolling Charge    |    21 |    22 |    28 |    46 ||   117
Evoke: Wand              |       |       |       |     4 ||     4
  Use: Scroll            |       |       |     5 |     4 ||     9
       Potion            |       |       |       |     9 ||     9
 Stab: Distracted        |       |     1 |       |       ||     1
Armor: Animal skin       |    20 |     1 |       |       ||    21
       Ring mail         |       |    18 |   175 |       ||   193
       Swamp dragon scal |       |       |    58 |   130 ||   188
       Chain mail        |       |       |       |   111 ||   111
       Skin              |       |       |       |    33 ||    33
Dodge: Dodged            |    20 |    24 |   138 |    99 ||   281

Table legend: (Time is in decaauts)
 A = Elapsed time spent in this place.
 B = Non-inter-level travel time spent in this place.
 C = Inter-level travel time spent in this place.
 D = Time resting spent in this place.
 E = Time spent auto-exploring this place.
 F = Levels seen in this place.
 G = Mean time per level.
                   A        B        C        D        E       F      G
               +--------+--------+--------+--------+--------+-----+--------+
         Total |   9805 |   9338 |    467 |   1239 |   6001 |  13 |  754.2 |
       Dungeon |   9514 |   9047 |    467 |   1239 |   5908 |  12 |  792.8 |
        Bailey |    290 |    290 |      0 |      0 |     93 |   1 |  290.0 |
               +--------+--------+--------+--------+--------+-----+--------+

Top non-repeatable levels by time:
     D:4: 1765 daAuts
     D:7: 1017 daAuts
     D:8: 994 daAuts
     D:6: 973 daAuts
     D:5: 970 daAuts
    D:10: 914 daAuts
     D:3: 904 daAuts
     D:2: 709 daAuts
     D:9: 616 daAuts
     D:1: 571 daAuts
  Bailey: 290 daAuts
    D:14: 74 daAuts
    D:11: 3 daAuts
